 Dungeon Crawl Stone Soup version 0.22-a0-274-gf8199ec (webtiles) character file.

4104 neds the Markscentaur (level 10, -8/79 HPs)
             Began as a Centaur Hunter on Mar 14, 2018.
             Was a Priest of Okawaru.
             Mangled by Erica
             ... wielding a +1 scimitar of flaming
              (11 damage)
             ... on level 8 of the Dungeon.
             The game lasted 00:51:07 (9357 turns).

neds the Markscentaur (Centaur Hunter)              Turns: 9357, Time: 00:51:08

Health: -8/79      AC:  6    Str: 15    XL:     10   Next: 6%
Magic:  0/12       EV: 12    Int: 10    God:    Okawaru [***...]
Gold:   348        SH:  0    Dex: 13    Spells: 9/9 levels left

rFire    . . .     SeeInvis .   a - +1 shortbow
rCold    . . .     Gourm    .   (shield currently unavailable)
rNeg     . . .     Faith    .   c - +0 leather armour
rPois    .         Spirit   +   (no helmet)
rElec    .         Reflect  .   y - scarf {Spirit}
rCorr    .         Harm     .   D - +0 pair of gloves
MR       .....                  (no barding)
Stlth    +.........             (no amulet)
HPRegen  0.23/turn              (no ring)
MPRegen  0.13/turn              (no ring)

@: confused, heroism, very quick
A: large, hooves 3, deformed body, speed 2, tough skin 3
a: Heroism, Renounce Religion


You were on level 8 of the Dungeon.
You worshipped Okawaru.
Okawaru was most pleased with you.
You were not hungry.

You visited 2 branches of the dungeon, and saw 9 of its levels.
You also visited: Ossuary.

You collected 348 gold pieces.

Inventory:

Hand Weapons
 a - a +1 shortbow (weapon)
 b - a +0 short sword
 q - a +0 shortbow
 w - a +3 trident
 B - the +7 dagger of Instant Death {pierce, -Tele Dex+9 Stlth+, unknown}
   (You found it on level 6 of the Dungeon)

   It inflicts extra damage upon your enemies.
   It affects your dexterity (+9).
   It prevents most forms of teleportation.
   It makes you more stealthy.
Missiles
 d - 17 arrows (quivered)
Armour
 c - a +0 leather armour (worn)
 i - a +0 chain mail
 j - a +0 plate armour
 y - a scarf of spirit shield (worn)
 D - a +0 pair of gloves (worn)
 F - a +0 cloak
Wands
 u - a wand of flame (18)
Scrolls
 e - 3 scrolls of remove curse
 m - a scroll of amnesia {unknown}
 r - 4 scrolls of teleportation
 s - a scroll of fear {unknown}
 t - 3 scrolls of noise
 A - 3 scrolls of enchant weapon
 E - a scroll of fog {unknown}
 G - a scroll of magic mapping
 H - a scroll of holy word {unknown}
Potions
 g - 2 potions of ambrosia
 h - 2 potions of heal wounds
 k - 3 potions of magic
 l - 2 potions of agility {unknown}
 o - a potion of experience {unknown}
 p - 5 potions of curing
 v - a potion of haste {unknown}
 x - a potion of berserk rage {unknown}
 z - 2 potions of might {unknown}
 C - a potion of flight {unknown}
Comestibles
 f - 17 rations


   Skills:
 + Level 4.2(9.2) Fighting
 + Level 16.9(21.9) Bows
 - Level 1.4(6.4) Dodging
 - Level 0.4(5.4) Stealth
 - Level 3.9 Invocations


You had 9 spell levels left.
You didn't know any spells.

Dungeon Overview and Level Annotations

Branches:
Dungeon (8/15)             Temple (1/1) D:4
   Lair: D:8-11

Altars:
Cheibriados
Fedhas
Kikubaaqudgha
Makhleb
Okawaru
Qazlal
Ru
Sif Muna
Uskayaw
Wu Jian
Xom
Yredelemnul
The Shining One

Annotations:
D:8 Erica


Innate Abilities, Weirdness & Mutations

You have hooves in place of feet.
Armour fits poorly on your strangely shaped body.
You cover ground very quickly.
You have extremely tough skin. (AC +3)


Message History

Erica flickers and vanishes!
Deactivating autopickup; reactivate with Ctrl-A.
The iguana barely misses you.
The two-headed ogre hits you with a giant spiked club!!
The two-headed ogre hits you with a giant club!
You're too confused!
You clumsily bash the iguana but do no damage.
Something hits you. Something burns you. The iguana barely misses you.
The two-headed ogre closely misses you. x2; The iguana bites you!
* * * LOW HITPOINT WARNING * * *
Something hits you!
* * * LOW HITPOINT WARNING * * *
Something burns you.
* * * LOW HITPOINT WARNING * * *
You bump into the rock wall.
The two-headed ogre closely misses you.
The two-headed ogre hits you with a giant club.
* * * LOW HITPOINT WARNING * * *
The iguana bites you but does no damage.
Something hits you!
You die...

... ... #.# .. #.# #.. #z#
.. #z# ##.## ##l# .#...
##@.# ### ....#
##{O.####.## .##.#
########.....##.#.###### .
.##.#
#.(((..<.......###.....##.
.##.# #.####.(......##
##.##<#.. .##.###.#
#.###.###.###.###.#.#
........# #.# #.# ##.#.##
#.#.## .######## #.# #.#
##.## #.#.## .# #.# #.#
#.#####.#.##


You could see a two-headed ogre, an iguana and 2 wights.

Vanquished Creatures
  A two-headed ogre (D:8)
  A hippogriff (D:7)
  2 wraiths (Ossuary)
  2 sky beasts
  2 ice beasts
  An orc warrior (D:7)
  2 phantoms (D:7)
  5 ogres
  2 wolves (D:8)
  A centaur (D:7)
  2 bullfrogs
  A wyvern skeleton (D:6)
  2 scorpions
  7 wights
  A howler monkey (D:4)
  2 centaur zombies (D:6)
  A crimson imp (D:5)
  A jelly (D:7)
  2 hounds (D:8)
  6 orc wizards
  2 centaur skeletons (D:4)
  A bullfrog skeleton (D:2)
  2 iguanas
  3 orc priests
  8 worker ants
  A hound skeleton (D:6)
  A mummy (D:4)
  2 worker ant zombies (D:5)
  4 gnolls
  8 adders
  2 shadow imps (D:7)
  An ooze (D:4)
  4 adder zombies
  2 worms (D:5)
  A dart slug (D:1)
  6 leopard geckos
  13 orcs
  A ball python (D:4)
  4 giant cockroaches
  8 goblins
  8 hobgoblins
  15 jackals
  4 quokkas
  A ball python skeleton (Ossuary)
  4 bats
  4 frilled lizards
  A giant cockroach zombie (D:5)
  A hobgoblin zombie (Ossuary)
  2 jackal skeletons
  2 kobolds (D:1)
  2 orc skeletons (Ossuary)
  2 orc zombies (Ossuary)
  A quokka skeleton (D:5)
  5 rats
170 creatures vanquished.

Vanquished Creatures (others)
  A leopard gecko (D:4)
1 creature vanquished.

Grand Total: 171 creatures vanquished

Notes
Turn   | Place    | Note
-------+----------+-------------------------------------------
     0 | D:1      | neds the Centaur Hunter began the quest for the Orb.
     0 | D:1      | Reached XP level 1. HP: 17/17 MP: 1/1
   122 | D:1      | Reached XP level 2. HP: 23/24 MP: 2/2
   190 | D:1      | Reached skill level 6 in Bows
   722 | D:1      | Reached XP level 3. HP: 20/29 MP: 3/3
  1080 | D:2      | Reached skill level 7 in Bows
  1176 | D:2      | Reached XP level 4. HP: 36/36 MP: 4/4
  1342 | D:2      | Reached skill level 8 in Bows
  1859 | D:2      | Reached XP level 5. HP: 33/41 MP: 5/5
  2673 | D:3      | Found a deep blue altar of Sif Muna.
  2673 | D:3      | Found a stormy altar of Qazlal.
  2673 | D:3      | Found a blossoming altar of Fedhas.
  2690 | D:3      | Found a burning altar of Makhleb.
  2694 | D:3      | Found a basalt altar of Yredelemnul.
  2782 | D:4      | Reached skill level 9 in Bows
  2927 | D:4      | Noticed a sky beast
  2936 | D:4      | Killed a sky beast
  2936 | D:4      | Reached skill level 10 in Bows
  2936 | D:4      | Reached XP level 6. HP: 47/48 MP: 6/6
  2997 | D:4      | Found a sand-covered staircase.
  3042 | Ossuary  | Entered an ossuary
  3442 | Ossuary  | Noticed a flying skull
  3442 | Ossuary  | Noticed a wraith
  3449 | Ossuary  | Noticed a flying skull
  3485 | Ossuary  | Reached XP level 7. HP: 55/55 MP: 7/7
  3515 | Ossuary  | Noticed a flying skull
  3542 | Ossuary  | Noticed a flying skull
  3548 | Ossuary  | Noticed a wraith
  3569 | Ossuary  | Noticed a wraith
  3596 | Ossuary  | Killed a wraith
  3596 | Ossuary  | Reached skill level 11 in Bows
  3639 | Ossuary  | Killed a wraith
  3639 | Ossuary  | Reached skill level 12 in Bows
  4003 | D:4      | Reached XP level 8. HP: 61/61 MP: 8/8
  4073 | D:4      | Reached skill level 13 in Bows
  4180 | D:4      | Found a staircase to the Ecumenical Temple.
  4194 | Temple   | Entered the Ecumenical Temple
  4210 | Temple   | Became a worshipper of Warmaster Okawaru
  4754 | D:5      | Entered Level 5 of the Dungeon
  4859 | D:5      | Found a snail-covered altar of Cheibriados.
  5171 | D:5      | Reached skill level 14 in Bows
  6094 | D:6      | Got a jewelled dagger
  6417 | D:6      | Reached * piety under Okawaru
  6417 | D:6      | Reached skill level 15 in Bows
  6508 | D:6      | Reached XP level 9. HP: 67/67 MP: 9/9
  6730 | D:6      | Found an ornate altar of the Wu Jian Council.
  7093 | D:7      | Reached skill level 1 in Invocations
  7210 | D:7      | Reached skill level 16 in Bows
  7263 | D:7      | Reached ** piety under Okawaru
  7396 | D:7      | Found a shimmering altar of Xom.
  7422 | D:7      | Found a shimmering altar of Xom.
  7422 | D:7      | Found a shimmering altar of Xom.
  7425 | D:7      | Found a shimmering altar of Xom.
  7425 | D:7      | Found a shimmering altar of Xom.
  8378 | D:7      | Noticed a shining eye
  8378 | D:7      | Noticed a swamp dragon
  8389 | D:7      | Noticed a wind drake
  8389 | D:7      | a swamp dragon changed into a wind drake
  8405 | D:7      | Noticed a manticore
  8405 | D:7      | a wind drake changed into a manticore
  8556 | D:8      | Found a glowing golden altar of the Shining One.
  8662 | D:8      | Noticed a two-headed ogre
  8725 | D:8      | Killed a two-headed ogre
  8725 | D:8      | Reached *** piety under Okawaru
  8785 | D:8      | Reached XP level 10. HP: 74/78 MP: 12/12
  9033 | D:8      | Noticed Erica
  9321 | D:8      | Noticed a two-headed ogre
  9357 | D:8      | HP: 3/79 [two-headed ogre/giant spiked club (5)]
  9357 | D:8      | Mangled by Erica

Vault maps used:
D:1:      dpeg_arrival_simpleton_c
D:3:      minmay_overflow_temple_star_hex
D:4:      minmay_temple_entry_butterflies, gup_ossuary_entry_pyramid
D:5:      slow_altar_1, first_ration, hangedman_abyss_or_decor_stabs,
          hangedman_decor_clover_reticule
D:6:      nicolae_overflow_crystal_walls, minmay_fountain_box,
          uniq_blork_the_orc
D:7:      xom_shifter_show, the_bakery
D:8:      kennysheep_mini, erik_lair_island, serial_shops,
          nicolae_shop_temple_entry_statues_fountains,
          nicolae_gozag_seed_capital, uniq_psyche, uniq_erica
Temple:   dshaligram_water_room_temple
Ossuary:  ossuary_due_cavern

Skill      XL: |  1  2  3  4  5  6  7  8  9 10 |
---------------+-------------------------------+-----
Bows           | 6 7 8 10 12 15 16 | 16.9
Invocations    | 3 |  3.9
Fighting       | 3 4 |  4.2
Dodging        | |  1.4
Stealth        | |  0.4

Action                   |  1- 3 |  4- 6 |  7- 9 | 10-12 || total
-------------------------+-------+-------+-------+-------++-------
Melee: Short sword       |       |    65 |     2 |       ||    67
       Kick              |       |    12 |    11 |       ||    23
       Trident           |       |       |    27 |       ||    27
       Shortbow          |       |       |     3 |     2 ||     5
 Fire: Shortbow          |    99 |   182 |   503 |    73 ||   857
Invok: Heroism           |       |       |       |     2 ||     2
  Use: Scroll            |       |     4 |     7 |       ||    11
  Eat: Chunk             |       |     5 |     8 |     2 ||    15
       Ration            |       |       |     1 |     1 ||     2
Armor: Leather armour    |    13 |    62 |    21 |     5 ||   101
Dodge: Dodged            |    27 |    75 |    49 |    14 ||   165

Table legend:
 A = Spawn XP
 B = Non-spawn XP
 C = Spawn XP percentage of total XP
 D = Spawn monster count
 E = Non-spawn monster count
 F = Spawn count percentage of total count
 G = Total turns spent on level
                    A         B        C        D         E        F      G
               +---------+---------+-------+---------+---------+-------+---------
         Total |       0 |    5863 |   0.0 |       0 |     170 |   0.0 |  9357
               +---------+---------+-------+---------+---------+-------+---------
           D:1 |       0 |      45 |   0.0 |       0 |      17 |   0.0 |   951
           D:2 |       0 |     124 |   0.0 |       0 |      21 |   0.0 |   688
           D:3 |       0 |     121 |   0.0 |       0 |      26 |   0.0 |  1159
           D:4 |       0 |     964 |   0.0 |       0 |      25 |   0.0 |  1024
           D:5 |       0 |     147 |   0.0 |       0 |      12 |   0.0 |  1179
           D:6 |       0 |    1015 |   0.0 |       0 |      21 |   0.0 |  1086
           D:7 |       0 |    1330 |   0.0 |       0 |      20 |   0.0 |  1697
           D:8 |       0 |    1416 |   0.0 |       0 |      14 |   0.0 |   641
       Ossuary |       0 |     701 |   0.0 |       0 |      14 |   0.0 |   909
               +---------+---------+-------+---------+---------+-------+---------
